 Dungeon Sprint DCSS version 0.21.1-1-g345015f (webtiles) character file.

6211 wilfster70 the Covert (level 10, -2/83 HPs)
             Began as a Gnoll Enchanter on June 12, 2018.
             Was the Champion of Wu Jian.
             Slain by a sun demon (12 damage)
             ... summoned by a kobold demonologist
             ... in the Dungeon (Sprint I: "Red Sonja").
             The game lasted 00:08:22 (1143 turns).

wilfster70 the Covert (Gnoll Enchanter)             Turns: 1143, Time: 00:08:22

Health: -2/83      AC:  3    Str: 11    XL:     10   Next: 92%
Magic:  13/24      EV: 20    Int: 18    God:    Wu Jian [******]
Gold:   890        SH:  0    Dex: 18    Spells: 24/30 levels left

rFire    . . .     SeeInvis +   a - +1 dagger (venom)
rCold    . . .     Gourm    .   (no shield)
rNeg     . . .     Faith    .   o - +1 robe "Zaet" {rPois} (curse)
rPois    +         Spirit   .   (no helmet)
rElec    +         Reflect  .   (no cloak)
rCorr    .         Harm     .   (no gloves)
MR       .....     NoTele   +   (no boots)
Stlth    +++++.....             l - amulet of the Briny Deep {RegenMP rElec Int-3 Dex+3 SInv}
HPRegen  0.23/turn              (no ring)
MPRegen  0.44/turn              (no ring)

@: no status effects
A: distributed training, fangs 1, strong nose
a: Wall Jump, Serpent's Lash, Heavenly Storm, Renounce Religion


You were in the Dungeon.
You worshipped Wu Jian.
Wu Jian was exalted by your worship.
You were not hungry.

You visited 1 branch You collected 1568 gold pieces.
You spent 678 gold pieces at shops.

Inventory:

Hand Weapons
 a - a +1 dagger of venom (weapon)
Armour
 o - the cursed +1 robe "Zaet" (worn) {rPois}
   (You bought it in a shop in the Dungeon)

   It protects you from poison.
   It has a curse placed upon it.
Magical Staves
 b - an uncursed staff of summoning
 m - an uncursed staff of power
Jewellery
 l - the amulet of the Briny Deep (around neck) {RegenMP rElec Int-3 Dex+3 SInv}
   (You bought it in a shop in the Dungeon)

   [amulet of magic regeneration]

   It increases your magic regeneration.
   It affects your intelligence (-3).
   It affects your dexterity (+3).
   It insulates you from electricity.
   It lets you see invisible.
Scrolls
 j - a scroll of blinking
Potions
 e - 4 potions of curing
 f - 2 potions of heal wounds
 g - a potion of haste
 h - 2 potions of magic
 i - a potion of berserk rage
Books
 c - a book of Maledictions

   Spells                             Type                      Level
   a - Corona                         Hexes                        1
   b - Ensorcelled Hibernation        Hexes/Ice                    2
   c - Confuse                        Hexes                        3
   d - Tukima's Dance                 Hexes                        3
   e - Dazzling Spray                 Conjuration/Hexes            3
Miscellaneous
 k - a phantom mirror
Comestibles
 d - 2 rations


   Skills:
 + Level 9.3 Fighting
 + Level 9.7 Short Blades
 + Level 9.3 Long Blades
 + Level 9.3 Axes
 + Level 9.3 Maces & Flails
 + Level 9.3 Polearms
 + Level 9.3 Staves
 + Level 9.3 Slings
 + Level 9.3 Bows
 + Level 9.3 Crossbows
 + Level 9.3 Throwing
 + Level 9.3 Armour
 + Level 10.4 Dodging
 + Level 11.0 Stealth
 + Level 9.3 Shields
 + Level 9.3 Unarmed Combat
 + Level 10.5 Spellcasting
 + Level 7.8 Conjurations
 + Level 9.6 Hexes
 + Level 7.8 Charms
 + Level 7.8 Summonings
 + Level 7.8 Necromancy
 + Level 7.8 Translocations
 + Level 7.8 Transmutations
 + Level 7.8 Fire Magic
 + Level 7.8 Ice Magic
 + Level 7.8 Air Magic
 + Level 7.8 Earth Magic
 + Level 7.8 Poison Magic
 + Level 10.1 Invocations
 + Level 9.3 Evocations


You had 24 spell levels left.
You knew the following spells:

 Your Spells              Type           Power        Failure   Level  Hunger
a - Corona                Hex            #####..      1%          1    None
b - Ensorcelled Hibernat  Hex/Ice        #####.       1%          2    None
c - Confuse               Hex            #####...     1%          3    None


Dungeon Overview and Level Annotations

Branches:
Dungeon (1/1)

Altars:
Cheibriados
Dithmenos
Elyvilon
Fedhas
Gozag
Hepliaklqana
Kikubaaqudgha
Makhleb
Nemelex Xobeh
Okawaru
Qazlal
Ru
Sif Muna
Trog
Uskayaw
Vehumet
Wu Jian
Xom
Yredelemnul
Zin
The Shining One
Jiyva
Lugonu

Shops:
D }=!%[*[(*!!![*:[:


Innate Abilities, Weirdness & Mutations

Your experience applies equally to all skills.
You have very sharp teeth.
Your uncanny sense of smell can sniff out nearby items.


Message History

The kobold demonologist hits you with a dagger.
* * * LOW HITPOINT WARNING * * *
The crimson imp grins evilly.
The sun demon closely misses you.
Casting: Ensorcelled Hibernation
Confirm with . or Enter, or press ? or * to list all spells.
Aiming: Ensorcelled Hibernation
Press: ? - help, Shift-Dir - straight line, f/p - kobold demonologist
Aim: a kobold demonologist, wielding a dagger and wearing a robe (chance to defeat MR: 50%)
The kobold demonologist resists with some effort.
The sun demon misses you.
The kobold demonologist hits you with a dagger.
* * * LOW HITPOINT WARNING * * *
Casting: Ensorcelled Hibernation
Confirm with . or Enter, or press ? or * to list all spells.
Aiming: Ensorcelled Hibernation
Press: ? - help, Shift-Dir - straight line, f/p - kobold demonologist
Aim: a kobold demonologist, wielding a dagger and wearing a robe (chance to defeat MR: 50%)
The kobold demonologist looks drowsy...
The sun demon hits you!
You die...

#######################
#..'..#..'..#__#@K45..#∆∆
∆ '..#.)').#..'..'.3#55.#
∆ #####'#####'#__#### ..+
∆ ∆
####..#...#(####§§##### ∆
#__####..##.#≈§§§§#§.#
#_____##'#_.'≈≈§§.§§.#
#_.∩...'..._#≈§§§§#§.#
#_..__##_.#'##'#####'###
#_____###'#.#(.).###.'.#


You could see a sun demon, an ice devil, a kobold demonologist (sleeping), a
crimson imp and 2 white imps.

Vanquished Creatures
  2 centaur warriors (D)
  Sonja (D)
  2 unseen horrors (D)
  A deep troll (D)
  An oklob plant (D)
  A kobold demonologist (D)
  A hornet (D)
  A slime creature (D)
  Sigmund (D)
  2 redbacks (D)
  A yak (D)
  2 floating eyes (D)
  An ogre (D)
  7 necrophages (D)
  8 jellies (D)
  Ijyb (D)
  A ballistomycete spore (D)
34 creatures vanquished.

Vanquished Creatures (others)
  A ballistomycete spore (D)
1 creature vanquished.

Grand Total: 35 creatures vanquished

Notes
Turn   | Place    | Note
-------+----------+-------------------------------------------
     0 | D        | wilfster70 the Gnoll Enchanter began the quest for the Orb.
     0 | D        | Reached XP level 1. HP: 13/13 MP: 6/6
     1 | D        | Noticed Ijyb
     4 | D        | Killed Ijyb
     4 | D        | Reached skill level 1 in Fighting
     4 | D        | Reached skill level 1 in Long Blades
     4 | D        | Reached skill level 1 in Axes
     4 | D        | Reached skill level 1 in Maces & Flails
     4 | D        | Reached skill level 1 in Polearms
     4 | D        | Reached skill level 1 in Staves
     4 | D        | Reached skill level 1 in Slings
     4 | D        | Reached skill level 1 in Bows
     4 | D        | Reached skill level 1 in Crossbows
     4 | D        | Reached skill level 1 in Throwing
     4 | D        | Reached skill level 1 in Armour
     4 | D        | Reached skill level 6 in Stealth
     4 | D        | Reached skill level 1 in Shields
     4 | D        | Reached skill level 1 in Unarmed Combat
     4 | D        | Reached skill level 5 in Spellcasting
     4 | D        | Reached skill level 1 in Conjurations
     4 | D        | Reached skill level 1 in Charms
     4 | D        | Reached skill level 1 in Summonings
     4 | D        | Reached skill level 1 in Necromancy
     4 | D        | Reached skill level 1 in Translocations
     4 | D        | Reached skill level 1 in Transmutations
     4 | D        | Reached skill level 1 in Fire Magic
     4 | D        | Reached skill level 1 in Ice Magic
     4 | D        | Reached skill level 1 in Air Magic
     4 | D        | Reached skill level 1 in Earth Magic
     4 | D        | Reached skill level 1 in Poison Magic
     4 | D        | Reached skill level 1 in Invocations
     4 | D        | Reached skill level 1 in Evocations
     4 | D        | Reached XP level 2. HP: 22/22 MP: 8/8
     4 | D        | Reached XP level 3. HP: 27/27 MP: 9/9
     8 | D        | Learned a level 2 spell: Ensorcelled Hibernation
    12 | D        | Learned a level 3 spell: Confuse
    17 | D        | Noticed an ogre
    20 | D        | Killed an ogre
    20 | D        | Reached skill level 5 in Dodging
    20 | D        | Reached XP level 4. HP: 35/35 MP: 9/11
    29 | D        | Noticed Sigmund
    50 | D        | Killed Sigmund
    50 | D        | Reached skill level 5 in Short Blades
    50 | D        | Reached skill level 7 in Stealth
    50 | D        | Reached XP level 5. HP: 27/42 MP: 12/14
    50 | D        | Reached XP level 6. HP: 31/48 MP: 12/15
   171 | D        | Found a deep blue altar of Sif Muna.
   172 | D        | Found an ornate altar of the Wu Jian Council.
   173 | D        | Found a radiant altar of Vehumet.
   176 | D        | Became a worshipper of the Wu Jian Council
   181 | D        | Found Gato's Jewellery Emporium.
   181 | D        | Found an ancient bone altar of Kikubaaqudgha.
   181 | D        | Found a hazy altar of Hepliaklqana.
   181 | D        | Found a stormy altar of Qazlal.
   181 | D        | Found a hide-covered altar of Uskayaw.
   181 | D        | Found a blossoming altar of Fedhas.
   181 | D        | Found a bloodstained altar of Trog.
   181 | D        | Found an iron altar of Okawaru.
   181 | D        | Found a basalt altar of Yredelemnul.
   181 | D        | Found a glowing golden altar of the Shining One.
   181 | D        | Found a snail-covered altar of Cheibriados.
   181 | D        | Found a sacrificial altar of Ru.
   181 | D        | Found a glowing silver altar of Zin.
   181 | D        | Found a shadowy altar of Dithmenos.
   181 | D        | Found a white marble altar of Elyvilon.
   181 | D        | Noticed a yak
   184 | D        | Killed a yak
   184 | D        | Reached skill level 5 in Fighting
   184 | D        | Reached skill level 5 in Long Blades
   184 | D        | Reached skill level 5 in Axes
   184 | D        | Reached skill level 5 in Maces & Flails
   184 | D        | Reached skill level 5 in Polearms
   184 | D        | Reached skill level 5 in Staves
   184 | D        | Reached skill level 5 in Slings
   184 | D        | Reached skill level 5 in Bows
   184 | D        | Reached skill level 5 in Crossbows
   184 | D        | Reached skill level 5 in Throwing
   184 | D        | Reached skill level 5 in Armour
   184 | D        | Reached skill level 5 in Shields
   184 | D        | Reached skill level 5 in Unarmed Combat
   184 | D        | Reached skill level 5 in Invocations
   184 | D        | Reached skill level 5 in Evocations
   184 | D        | Reached XP level 7. HP: 56/56 MP: 13/17
   185 | D        | Found an opulent altar of Gozag.
   186 | D        | Found a sparkling altar of Nemelex Xobeh.
   230 | D        | Noticed Sonja
   235 | D        | Killed Sonja
   235 | D        | Reached * piety under Wu Jian
   235 | D        | Reached skill level 8 in Stealth
   235 | D        | Reached skill level 5 in Conjurations
   235 | D        | Reached skill level 5 in Charms
   235 | D        | Reached skill level 5 in Summonings
   235 | D        | Reached skill level 5 in Necromancy
   235 | D        | Reached skill level 5 in Translocations
   235 | D        | Reached skill level 5 in Transmutations
   235 | D        | Reached skill level 5 in Fire Magic
   235 | D        | Reached skill level 5 in Ice Magic
   235 | D        | Reached skill level 5 in Air Magic
   235 | D        | Reached skill level 5 in Earth Magic
   235 | D        | Reached skill level 5 in Poison Magic
   235 | D        | Reached XP level 8. HP: 52/64 MP: 16/20
   341 | D        | Found Lewnas's Gadget Boutique.
   347 | D        | Noticed a deep troll
   350 | D        | Killed a deep troll
   350 | D        | Reached skill level 9 in Stealth
   360 | D        | Found Ewaant's Armour Emporium.
   389 | D        | Noticed a centaur warrior
   390 | D        | Noticed a centaur warrior
   392 | D        | Killed a centaur warrior
   392 | D        | Reached XP level 9. HP: 57/72 MP: 18/22
   396 | D        | Killed a centaur warrior
   396 | D        | Reached ** piety under Wu Jian
   549 | D        | Noticed a hornet
   551 | D        | Killed a hornet
   551 | D        | Reached skill level 10 in Stealth
   581 | D        | Bought the amulet of the Briny Deep {RegenMP rElec Int-3 Dex+3 SInv} for 530 gold pieces
   599 | D        | Noticed an oklob plant
   600 | D        | Killed an oklob plant
   600 | D        | Reached XP level 10. HP: 80/80 MP: 23/23
   614 | D        | Reached *** piety under Wu Jian
   637 | D        | Noticed an unseen horror
   639 | D        | Noticed an unseen horror
   643 | D        | Killed an unseen horror
   643 | D        | Reached skill level 10 in Spellcasting
   644 | D        | Killed an unseen horror
   644 | D        | Reached skill level 10 in Dodging
   646 | D        | Reached **** piety under Wu Jian
   668 | D        | Reached ***** piety under Wu Jian
   780 | D        | Reached skill level 10 in Invocations
   816 | D        | Found Zuino's Food Shoppe.
   816 | D        | Found Wieth's Distillery.
   816 | D        | Found Jom Qoz's Armour Boutique.
   819 | D        | Found Cucun's Assorted Antiques.
   819 | D        | Found Bilic's Antique Armour Shop.
   819 | D        | Found Duetoise's Antique Weapon Shoppe.
   819 | D        | Found Jenaxoup's General Store.
   819 | D        | Found Hisu's Distillery.
   819 | D        | Found Ufukloschu's Distillery.
   819 | D        | Found Imecwaow's Distillery.
   821 | D        | Found Uckyex's Antique Armour Boutique.
   822 | D        | Found Wioj's Book Emporium.
   822 | D        | Found Ryegoqes's Assorted Antiques.
   823 | D        | Bought a fabulously ornate robe for 148 gold pieces
   833 | D        | Identified the cursed +1 robe "Zaet" {rPois} (You bought it in a shop in the Dungeon)
   835 | D        | Found Sihy Egiusmy's Book Emporium.
  1107 | D        | Found a viscous altar of Jiyva.
  1107 | D        | Found a corrupted altar of Lugonu.
  1108 | D        | Found a burning altar of Makhleb.
  1108 | D        | Found a shimmering altar of Xom.
  1113 | D        | Reached ****** piety under Wu Jian
  1126 | D        | Noticed a kobold demonologist
  1127 | D        | Noticed a kobold demonologist
  1127 | D        | Paralysed by a floating eye for 3 turns
  1133 | D        | Noticed a sun demon
  1134 | D        | Killed a kobold demonologist
  1134 | D        | Reached skill level 11 in Stealth
  1143 | D        | Slain by a sun demon

Skill      XL: |  1  2  3  4  5  6  7  8  9 10 |
---------------+-------------------------------+-----
Fighting       | 1 3 4 5 6 7 8 9 |  9.3
Short Blades   | 3 4 5 6 7 8 9 |  9.7
Long Blades    | 1 3 4 5 6 7 8 9 |  9.3
Axes           | 1 3 4 5 6 7 8 9 |  9.3
Maces & Flails | 1 3 4 5 6 7 8 9 |  9.3
Polearms       | 1 3 4 5 6 7 8 9 |  9.3
Staves         | 1 3 4 5 6 7 8 9 |  9.3
Slings         | 1 3 4 5 6 7 8 9 |  9.3
Bows           | 1 3 4 5 6 7 8 9 |  9.3
Crossbows      | 1 3 4 5 6 7 8 9 |  9.3
Throwing       | 1 3 4 5 6 7 8 9 |  9.3
Armour         | 1 3 4 5 6 7 8 9 |  9.3
Stealth        | 6 7 8 9 10 11 | 11.0
Shields        | 1 3 4 5 6 7 8 9 |  9.3
Unarmed Combat | 1 3 4 5 6 7 8 9 |  9.3
Spellcasting   | 5 6 7 8 9 10 | 10.5
Conjurations   | 1 2 3 4 5 6 7 |  7.8
Charms         | 1 2 3 4 5 6 7 |  7.8
Summonings     | 1 2 3 4 5 6 7 |  7.8
Necromancy     | 1 2 3 4 5 6 7 |  7.8
Translocations | 1 2 3 4 5 6 7 |  7.8
Transmutations | 1 2 3 4 5 6 7 |  7.8
Fire Magic     | 1 2 3 4 5 6 7 |  7.8
Ice Magic      | 1 2 3 4 5 6 7 |  7.8
Air Magic      | 1 2 3 4 5 6 7 |  7.8
Earth Magic    | 1 2 3 4 5 6 7 |  7.8
Poison Magic   | 1 2 3 4 5 6 7 |  7.8
Invocations    | 1 3 4 5 6 8 9 10 | 10.1
Evocations     | 1 3 4 5 6 7 8 9 |  9.3
Dodging        | 5 6 7 8 9 10 | 10.4
Hexes          | 6 7 8 9 |  9.6

Action                   |  1- 3 |  4- 6 |  7- 9 | 10-12 || total
-------------------------+-------+-------+-------+-------++-------
Melee: Dagger            |     2 |    15 |    10 |    60 ||    87
       Bite              |       |       |       |     4 ||     4
       Punch             |       |       |       |     3 ||     3
       Unarmed           |       |       |       |     1 ||     1
 Cast: Ensorcelled Hiber |       |     1 |     4 |    17 ||    22
       Confuse           |       |       |       |     7 ||     7
Invok: Lunge             |       |     1 |     5 |    14 ||    20
       Whirlwind         |       |       |     2 |     3 ||     5
       Wall Jump         |       |       |       |     2 ||     2
  Use: Scroll            |       |       |     2 |       ||     2
 Stab: Sleeping          |     2 |     2 |     6 |    17 ||    27
       Confused          |       |       |       |     6 ||     6
  Eat: Ration            |       |       |       |     1 ||     1
Armor: Robe              |       |       |     1 |       ||     1
Dodge: Dodged            |       |     5 |     8 |    18 ||    31
